 Dungeon Crawl Stone Soup version 0.25-a0-1133-g93ebf739aa (webtiles) character file.

Game seed: 7313085792846409824, levelgen mode: deterministic

2544510 jt the Slayer (level 27, 193/193 HPs)
             Began as a Gargoyle Monk on May 20, 2020.
             Was the Champion of Kikubaaqudgha.
             Escaped with the Orb
             ... and 5 runes on May 21, 2020!
             The game lasted 08:11:39 (108351 turns).

jt the Slayer (Gargoyle Monk)                     Turns: 108351, Time: 08:11:40

Health: 193/193    AC: 47    Str: 17    XL:     27
Magic:  47/47      EV: 16    Int: 20    God:    Kikubaaqudgha [******]
Gold:   2585       SH: 35    Dex: 17    Spells: 18/67 levels left

rFire    + + .     SeeInvis +   a - +4 eveningstar (flame)
rCold    + . .     Gourm    .   M - +6 tower shield {rF+}
rNeg     + + +     Faith    .   U - quicksilver dragon scales
rPois    ∞         Spirit   .   Q - +3 crown of Dyrovepreva {rElec Int+2 SInv}
rElec    +         Reflect  +   r - -1 cloak of the Sky {rF+ Dex+5}
rCorr    .         Harm     .   p - +3 pair of gauntlets of War {Slay+5}
MR       ++++.                  u - +2 pair of boots {run}
Stlth    +.........             g - amulet of reflection
HPRegen  0.42/turn              k - ring "Senwy" {rC+ rN++ MR+ Int-2}
MPRegen  0.30/turn              H - +4 ring of slaying

@: flying, quick
A: big wings, fangs 1, molten scales 1, see invisible, mutation resistance 1,
negative energy resistance 1, electricity resistance, weak 1, unbreathing,
petrification resistance, no potion heal 1, rot immunity, AC +20
0: Orb of Zot
}: 5/15 runes: decaying, slimy, silver, abyssal, gossamer
a: Stop Flying, Receive Corpses, Torment, Renounce Religion


You escaped.
You worshipped Kikubaaqudgha.
Kikubaaqudgha was exalted by your worship.
You were not hungry.

You visited 14 branches of the dungeon, and saw 60 of its levels.
You visited the Abyss 3 times.
You also visited: Volcano and Wizlab.

You collected 8403 gold pieces.
You spent 5818 gold pieces at shops.

Inventory:

Hand Weapons
 a - a +4 eveningstar of flaming (weapon)
 b - a +7 demon whip of pain
Missiles
 I - 12 curare-tipped darts (quivered)
 L - 10 throwing nets
Armour
 p - the +3 pair of gauntlets of War (worn) {Slay+5}
   (You found it on level 5 of the Pits of Slime)

   It affects your accuracy and damage with ranged weapons and melee attacks
   (+5).
 r - the -1 cloak of the Sky (worn) {rF+ Dex+5}
   (You found it on level 3 of the Elven Halls)

   It affects your dexterity (+5).
   It protects you from fire.
 u - a +2 pair of boots of running (worn)
 M - a +6 tower shield of fire resistance (worn)
 Q - the +3 crown of Dyrovepreva (worn) {rElec Int+2 SInv}
   (You found it on level 3 of the Elven Halls)

   It affects your intelligence (+2).
   It insulates you from electricity.
   It lets you see invisible.
 U - quicksilver dragon scales (worn)
Jewellery
 g - an amulet of reflection (around neck)
 k - the ring "Senwy" (left hand) {rC+ rN++ MR+ Int-2}
   (You found it in a wizard's laboratory)

   [ring of protection from cold]

   It affects your intelligence (-2).
   It protects you from cold.
   It greatly protects you from negative energy.
   It affects your resistance to hostile enchantments.
 n - an uncursed ring of resist corrosion
 H - a +4 ring of slaying (right hand)
Wands
 o - a wand of digging (9)
 s - a wand of enslavement (4)
 B - a wand of polymorph (61)
 D - a wand of acid (2)
 G - a wand of iceblast (23)
 R - a wand of paralysis (43)
Scrolls
 d - 3 scrolls of summoning
 e - 4 scrolls of holy word
 f - 20 scrolls of identify
 m - 34 scrolls of remove curse
 q - 5 scrolls of blinking
 t - 11 scrolls of fog
 z - 4 scrolls of immolation
 K - 6 scrolls of fear
 O - 2 scrolls of silence
 W - 23 scrolls of teleportation
Potions
 w - 2 potions of ambrosia
 x - 8 potions of curing
 y - 2 potions of might
 A - 13 potions of stabbing
 N - 4 potions of haste
 P - 13 potions of mutation
 T - 3 potions of resistance
 Z - 2 potions of magic
Miscellaneous
 h - 7 boxes of beasts
 j - 5 phantom mirrors
 l - the horn of Geryon
 v - a lightning rod (4/4)
 F - a tin of tremorstones (3/3)
 X - a phial of floods
Comestibles
 C - 23 rations


   Skills:
 - Level 25.0 Fighting
 - Level 16.0 Maces & Flails
 - Level 6.0 Throwing
 - Level 10.0 Armour
 - Level 8.0 Dodging
 - Level 5.0 Stealth
 + Level 23.7 Shields
 - Level 20.8 Spellcasting
 - Level 8.0 Conjurations
 - Level 5.0 Hexes
 + Level 22.6 Necromancy
 - Level 5.0 Translocations
 - Level 18.9 Earth Magic
 - Level 10.1 Evocations


You had 18 spell levels left.
You knew the following spells:

 Your Spells              Type           Power        Failure   Level  Hunger
a - Animate Skeleton      Necr           N/A          0%          1    None
b - Borgnjor's Vile Clut  Necr/Erth      #######...   1%          5    None
c - Vampiric Draining     Necr           #######...   0%          3    None
d - Animate Dead          Necr           N/A          0%          4    None
e - Corpse Rot            Necr/Air       N/A          1%          2    None
f - Lee's Rapid Deconstr  Erth           #######...   1%          5    None
g - Dispel Undead         Necr           #######.     0%          4    None
h - Leda's Liquefaction   Hex/Erth       ######....   1%          4    None
i - Death Channel         Necr           #######...   1%          6    ####...
j - Passwall              Tmut/Erth      ######..     1%          2    None
k - Blink                 Tloc           N/A          1%          2    None
l - Fulminant Prism       Conj/Hex       #####.....   3%          4    None
m - Apportation           Tloc           #####.       1%          1    None
n - Simulacrum            Ice/Necr       ######....   6%          6    ####...

Your spell library contained the following spells:

 Spells                   Type           Power        Failure   Level  Hunger
 Pain                     Necr           ####         0%          1    None
 Sandblast                Erth           ######       0%          1    None
 Agony                    Necr           #######.     0%          5    None
 Corona                   Hex            #####..      1%          1    None
 Foxfire                  Conj/Fire      ####         1%          1    None
 Magic Dart               Conj           ####         1%          1    None
 Slow                     Hex            #####...     1%          2    None
 Confusing Touch          Hex            #####...     1%          3    None
 Dazzling Flash           Conj/Hex       #####.       1%          3    None
 Gell's Gravitas          Tloc           #####.....   1%          3    None
 Lesser Beckoning         Tloc           #####.....   1%          3    None
 Portal Projectile        Hex/Tloc       #####.       1%          3    None
 Stone Arrow              Conj/Erth      ######       1%          3    None
 Teleport Other           Tloc           #####...     1%          3    None
 Tukima's Dance           Hex            #####...     1%          3    None
 Petrify                  Tmut/Erth      ######..     1%          4    None
 Excruciating Wounds      Chrm/Necr      ######....   1%          5    None
 Ensorcelled Hibernation  Hex/Ice        ####..       2%          2    None
 Shroud of Golubria       Chrm/Tloc      ####..       2%          2    None
 Conjure Flame            Conj/Fire      #####...     2%          3    None
 Iron Shot                Conj/Erth      ######....   2%          6    ####...
 Borgnjor's Revivificati  Necr           #######...   2%          8    #######
 Infestation              Necr           #######...   2%          8    #######
 Bolt of Magma            Conj/Fire/Erth ######....   3%          5    None
 Beastly Appendage        Tmut           ###...       4%          1    None
 Freeze                   Ice            ###.         4%          1    None
 Infusion                 Chrm           ###.         4%          1    None
 Summon Butterflies       Summ           ###.....     4%          1    None
 Summon Small Mammal      Summ           ###.         4%          1    None
 Inner Flame              Hex/Fire       ####....     4%          3    None
 Mephitic Cloud           Conj/Pois/Air  ####....     4%          3    None
 Recall                   Summ/Tloc      N/A          4%          3    None
 Spectral Weapon          Hex/Chrm       ####....     4%          3    None
 Summon Guardian Golem    Hex/Summ       ####....     4%          3    None
 Cause Fear               Hex            #####.....   5%          4    None
 Call Imp                 Summ           ###.....     7%          2    None
 Song of Slaying          Chrm           ###.....     7%          2    None
 Sticks to Snakes         Tmut           ###.....     7%          2    None
 Hailstorm                Conj/Ice       #####...     9%          4    None
 Call Canine Familiar     Summ           ###.....     13%         3    None
 Frozen Ramparts          Ice            ###...       13%         3    None
 Ignite Poison            Fire/Tmut/Pois ###.....     13%         3    None
 Ozocubu's Armour         Chrm/Ice       ###.....     13%         3    None
 Spider Form              Tmut/Pois      ###.......   13%         3    None
 Fireball                 Conj/Fire      #####.....   24%         5    None
 Irradiate                Conj/Tmut      #####.....   24%         5    None
 Iskenderun's Battlesphe  Conj/Chrm      #####...     24%         5    None
 Haunt                    Necr/Summ      ######....   34%         7    #####..
 Ice Form                 Ice/Tmut       ###.....     41%         4    None
 Summon Ice Beast         Ice/Summ       ###.....     41%         4    None
 Summon Lightning Spire   Summ/Air       ###.....     41%         4    None
 Metabolic Englaciation   Hex/Ice        ####......   41%         5    None
 Summon Forest            Summ/Tloc      ####......   41%         5    None
 Summon Mana Viper        Hex/Summ       ####....     41%         5    None
 Dispersal                Tloc           #####.....   65%         6    ####...
 Lehudib's Crystal Spear  Conj/Erth      ######....   75%         8    #######
 Alistair's Intoxication  Tmut/Pois      ###.....     77%         5    None
 Aura of Abjuration       Summ           ###.......   77%         5    None
 Blade Hands              Tmut           ###.......   77%         5    None
 Summon Demon             Summ           ###.......   77%         5    None
 Starburst                Conj/Fire      #####.....   78%         6    ####...
 Orb of Destruction       Conj           ######....   80%         7    #####..
 Freezing Cloud           Conj/Ice/Air   ####......   92%         6    ####...
 Death's Door             Chrm/Necr      ######....   95%         8    #######
 Necromutation            Tmut/Necr      ######....   95%         8    #######
 Eringya's Noxious Bog    Tmut/Pois      ###.......   100%        6    ####...
 Hydra Form               Tmut           ###.......   100%        6    ####...
 Ozocubu's Refrigeration  Ice            ###.......   100%        6    ####...
 Shadow Creatures         Summ           N/A          100%        6    ####...
 Dragon Form              Tmut           ###.......   100%        7    #####..
 Malign Gateway           Summ/Tloc      ####......   100%        7    #####..
 Monstrous Menagerie      Summ           ###.......   100%        7    #####..
 Spellforged Servitor     Conj/Summ      #####.....   100%        7    #####..
 Summon Greater Demon     Summ           ###.......   100%        7    #####..
 Summon Hydra             Summ           ###.......   100%        7    #####..
 Chain Lightning          Conj/Air       #####.....   100%        8    #######
 Controlled Blink         Tloc           N/A          100%        8    #######
 Disjunction              Tloc           #####.....   100%        8    #######
 Ignition                 Fire           ###.......   100%        8    #######
 Summon Horrible Things   Summ           ###.......   100%        8    #######
 Absolute Zero            Ice            ###.......   100%        9    #######
 Dragon's Call            Summ           ###.......   100%        9    #######
 Fire Storm               Conj/Fire      #####.....   100%        9    #######
 Sublimation of Blood     Necr           Unusable     N/A         2    N/A
 Passage of Golubria      Tloc           Unusable     N/A         4    N/A
 Statue Form              Tmut/Erth      Unusable     N/A         6    N/A

Dungeon Overview and Level Annotations

Branches:
Dungeon (15/15)            Temple (0/1) D:5            Lair (6/6) D:11
  Swamp (4/4) Lair:3       Spider (4/4) Lair:2        Slime (5/5) Lair:6
    Orc (2/2) D:11            Elf (3/3) Orc:2        Vaults (5/5) D:13
  Crypt (3/3) Vaults:3       Tomb (1/3) Crypt:3      Depths (5/5) D:15
   Hell (visited)             Dis (0/7) Hell            Geh (0/7) Hell
    Coc (0/7) Hell            Tar (1/7) Hell            Zot (5/5) Depths:5
Volcano (visited)          WizLab (visited)

Altars:
Ashenzari
Cheibriados
Dithmenos
Elyvilon
Gozag
Kikubaaqudgha
Nemelex Xobeh
Sif Muna
Trog
Vehumet
The Shining One
Jiyva
Lugonu

Shops:
D:15 *(}}   Orc:2 :%!(   Elf:1 [   Elf:3 !   Vaults:1 ?   Depths:1 *![}

Portals:
Hell: Depths:1 Depths:2 Depths:3 Depths:4 Depths:5
Abyss: Depths:1 Depths:2 Depths:4
Pandemonium: Depths:1 Depths:3 Depths:4
Ziggurat: Depths:1
Trove: Depths:5 (give +7 demon whip)

Annotations:
Zot:5 exclusion: orange crystal statue


Innate Abilities, Weirdness & Mutations

You are resistant to torment.
Your stone body is resilient. (AC +20)
You are immune to poison.
Your large and strong wings let you fly indefinitely.
You resist negative energy. (rN+)
You are resistant to electric shocks. (rElec)
You can survive without breathing.
You are immune to petrification.
You are immune to rotting.
You have very sharp teeth.
You are partially covered in molten scales. (AC +2)
You have supernaturally acute eyesight. (SInv)
You are somewhat resistant to further mutation.
You are weak. (Str -2)
Potions are less effective at restoring your health.


Message History

You fly upwards.
There is a stone staircase leading down here.
Evoke which item? (* to show all) (? for menu, Esc to quit)
Aiming: Dig
Press: ? - help, Shift-Dir - straight line, f - you Please select a direction to dig.
A stone staircase leading down.
This square is covered in magical glow.
The rock shatters into small pieces.
There is a stone staircase leading up here.
You fly upwards.
There is a stone staircase leading down here.
(D) Dungeon (T) Temple (L) Lair (S) Swamp (N) Spider Nest (M) Slime Pits (O) Orcish Mines (E) Elven Halls (V) Vaults (C) Crypt (W) Tomb (U) Depths (H) Hell (I) Dis (G) Gehenna (X) Cocytus (Y) Tartarus (Z) Zot
Where to? (Enter - D:1 @ (x,y), ? - help)
What level of the Dungeon? (default 1, ? - help)
There is a staircase leading out of the dungeon here.
You have escaped!

#.##.## ##.####.## #.#.##
##.....# #
######.##.#####.#######
###########.#.#.#.#.#.##.....)...
...........#.#.#.#.#.#..#.#######
###########.#.≈≈≈≈≈.#.###.# #
#.#.#≈...≈#.#..#.## ###
##.#.≈...≈.#.#....## ..#
#.#.#≈.@.≈#.#......# #.#
##.#.≈≈≈≈≈.#.##...## #.#
#.#.#.#.#.#.#....## #.#
##.#.#.#.#.#.#.### #.#
#..#######.....# #.# #..# #######
#.########..# ............#
..#........##


There were no monsters in sight!

Vanquished Creatures
  the Royal Jelly (Slime:5)
  11 ancient liches
  10 orbs of fire
  Mara (Vaults:5)
  Mennas (Vaults:2)
  A juggernaut (Depths:4)
  2 greater mummies (Tomb:1)
  Margery (Crypt:2)
  6 Killer Klowns
  Saint Roka (Depths:1)
  4 curse toes
  Geryon (Hell)
  5 golden dragons
  3 bone dragons
  A doom hound (Tar:1)
  2 Tzitzimimeh (Tar:1)
  3 electric golems
  10 tentacled monstrosities
  11 liches
  21 Orb Guardians
  A moon troll (WizLab)
  9 quicksilver dragons
  7 titans
  2 deep elf master archers (Elf:3)
  A deep elf blademaster (Elf:3)
  12 tentacled starspawn
  5 ancient champions
  2 Executioners (Abyss:1)
  13 sphinxes
  20 acid blobs
  12 death cobs
  7 tengu reavers
  A revenant (Tomb:1)
  11 storm dragons
  3 thorn hunters
  15 shadow dragons
  2 draconian monks (Zot:5)
  6 iron dragons
  13 fire giants
  A frost giant (shapeshifter) (Vaults:3)
  2 balrugs
  Aizul (Elf:3)
  16 vault wardens
  8 ghost moths
  4 draconian scorchers
  8 deep elf sorcerers
  10 frost giants
  4 emperor scorpions
  9 azure jellies
  2 cacodemons
  3 draconian shifters
  4 draconian annihilators
  10 deep elf elementalists
  45 very ugly things
  16 ironheart preservers
  5 ghouls
  7 war gargoyles
  2 curse skulls
  A spriggan defender (Depths:3)
  3 reapers (Hell)
  3 draconian stormcallers
  29 stone giants
  4 entropy weavers
  A juggernaut skeleton (Depths:2)
  A dire elephant (Lair:6)
  8 vampire knights
  6 bennus (Tomb:1)
  9 deep elf demonologists
  13 green draconians
  8 deep elf annihilators
  14 yellow draconians
  5 red draconians
  3 white draconians
  10 purple draconians
  9 spark wasps
  10 black draconians
  10 ettins
  5 mummy priests (Tomb:1)
  2 eidola (Crypt:1)
  A merfolk javelineer (Abyss:3)
  11 deep elf death magi
  2 blizzard demons
  5 fire dragons
  5 crystal guardians
  Snorg (D:11)
  8 death oozes (Slime:5)
  4 jiangshi
  A fire dragon (shapeshifter) (D:15)
  13 yaktaur captains
  A deep elf high priest (Elf:3)
  18 great orbs of eyes
  2 quicksilver dragon zombies (Crypt:3)
  14 ice dragons
  5 rakshasas
  A hell beast (D:10)
  6 spriggan air magi
  27 vault guards
  20 hydras
  17 centaur warriors
  2 ghost crabs
  6 shambling mangroves
  Erica (D:8)
  2 catoblepae (Lair:6)
  10 alligators
  3 death knights
  18 ogre magi
  2 alligators (shapeshifter)
  43 two-headed ogres
  2 satyrs (Abyss:3)
  7 vampire magi
  7 deep troll shamans
  5 hell hogs
  8 death scarabs (Tomb:1)
  2 orc high priests
  6 tengu warriors
  31 dancing weapons
  28 deep elf knights
  4 thrashing horrors
  7 deep troll earth magi
  13 death yaks
  3 titan zombies
  5 spriggan berserkers
  Urug (Orc:1)
  5 sun demons (Depths:3)
  A storm dragon zombie (Crypt:3)
  Nergalle (Lair:3)
  2 sixfirhies
  19 hell knights
  8 soul eaters
  4 titan skeletons
  57 skeletal warriors
  4 unseen horrors
  An iron troll (Orc:2)
  4 storm dragon skeletons (Depths:2)
  12 wretched stars
  A golden dragon zombie (Crypt:3)
  10 swamp dragons
  A salamander mystic (Depths:4)
  4 shadow wraiths
  17 glowing orange brains
  3 flayed ghosts
  An infernal demonspawn (Depths:4)
  A shadow demon (Tar:1)
  26 deep trolls
  20 ironbrand convokers
  13 deep elf archers
  An orange crystal statue (WizLab)
  7 wizards
  2 lindwurms (shapeshifter)
  2 spriggan druids (Swamp:2)
  38 starcursed masses
  A swamp dragon (shapeshifter) (Vaults:2)
  2 anaconda skeletons
  2 shadow dragon zombies
  12 wolf spider zombies
  A harpy (shapeshifter) (D:13)
  Pikel (D:8)
  2 harpies
  6 lindwurms
  3 iron dragon zombies
  16 phantasmal warriors
  21 necromancers
  14 orb spiders
  A fire giant zombie (Abyss:1)
  77 deep elf magi
  A faun (shapeshifter) (Vaults:5)
  15 orc knights
  21 wolf spiders
  A mana viper (shapeshifter) (Vaults:4)
  12 shining eyes
  A shadow dragon skeleton (Crypt:3)
  8 cyclopes
  3 tengu skeletons
  2 manticores (Lair:6)
  A toenail golem (Zot:4)
  30 ugly things
  A worldbinder (Abyss:3)
  2 salamanders
  11 vault sentinels
  5 black mambas
  25 moths of wrath
  10 elephants
  A frost giant skeleton (Depths:2)
  A rust devil (Hell)
  5 fire giant skeletons
  4 iron dragon skeletons
  4 stone giant skeletons
  A black mamba (shapeshifter) (Vaults:1)
  8 eyes of devastation
  2 orange demons
  4 apocalypse crabs
  A dire elephant zombie (Crypt:1)
  3 molten gargoyles
  2 eyes of devastation (shapeshifter)
  A torpor snail (Spider:1)
  7 smoke demons
  Psyche (D:8)
  A spiny frog (shapeshifter) (Vaults:3)
  3 elf skeletons
  A human zombie (Vaults:2)
  2 kobold demonologists
  A red draconian zombie (Crypt:1)
  9 komodo dragons
  22 spiny frogs
  54 yaktaurs
  11 freezing wraiths
  A hellion (Hell)
  8 redback zombies (Spider:3)
  A yaktaur (shapeshifter) (D:12)
  A komodo dragon (shapeshifter) (Abyss:2)
  A yellow draconian zombie (Crypt:1)
  An anaconda simulacrum (Hell)
  A silent spectre (Abyss:1)
  5 rime drakes
  A red devil (Hell)
  7 ancient zymes
  8 demonic crawlers
  A jumping spider (shapeshifter) (Vaults:3)
  24 jumping spiders
  6 guardian mummies (Tomb:1)
  10 tyrant leeches
  A hydra zombie (Hell)
  17 trolls
  A polar bear (Lair:4)
  9 bog bodies
  A death drake skeleton (Crypt:2)
  32 hornets
  A snapping turtle (shapeshifter) (Vaults:5)
  A hydra skeleton (Hell)
  A dream sheep (Lair:6)
  11 tarantella zombies (Spider:3)
  2 alligator zombies (Hell)
  12 large abominations
  A meliai zombie (D:15)
  99 slime creatures
  An ice dragon zombie (Crypt:1)
  7 raiju
  17 blink frogs
  A guardian serpent skeleton (Crypt:1)
  10 hippogriffs
  11 spriggans
  6 spriggan skeletons (Depths:2)
  2 ettin skeletons (Depths:2)
  70 flying skulls
  An ettin zombie (Vaults:2)
  A fire dragon zombie (Crypt:1)
  2 spriggans (shapeshifter)
  3 shadows
  An air elemental (Elf:3)
  4 water elementals
  A wyvern (Lair:4)
  A vampire (D:14)
  4 ice dragon skeletons
  22 tarantellas
  3 ynoxinuls
  A black mamba skeleton (Crypt:1)
  52 redbacks
  31 yaks
  A hog (Swamp:3)
  2 humans (shapeshifter)
  2 ushabtiu (Tomb:1)
  8 basilisks
  8 wraiths
  3 fire bats
  17 golden eyes
  The ghost of kae the Skirmisher, an amateur FoAK of Lugonu (D:3)
  9 fire elementals
  25 vampire mosquitoes
  A steam dragon (Lair:6)
  A chaos spawn (Abyss:1)
  5 wargs
  2 neqoxecs
  9 swamp worms
  A soldier ant (D:15)
  A gelid demonspawn zombie (Crypt:1)
  A hydra simulacrum (Hell)
  7 acid dragons
  3 hell hounds (Abyss:1)
  13 water moccasins
  A soldier ant (shapeshifter) (Vaults:4)
  2 floating eyes
  A spiny frog zombie (Hell)
  7 swamp drakes
  45 orc warriors
  3 porcupines
  An orc zombie (Vaults:2)
  A spiny frog skeleton (Hell)
  9 sky beasts
  2 black bears (shapeshifter)
  6 eyes of draining
  An ice dragon simulacrum (Abyss:2)
  A phantom (D:14)
  3 ice beasts
  2 necrophages
  51 ogres
  3 black bears
  4 boggarts (Vaults:3)
  4 human skeletons
  11 crocodiles
  16 wolves
  27 centaurs
  A torpor snail zombie (Crypt:2)
  2 big kobolds (D:8)
  13 bullfrogs
  A spiny frog simulacrum (Hell)
  2 earth elementals
  2 water moccasin zombies
  A glowing shapeshifter simulacrum (Vaults:3)
  2 scorpions
  9 killer bees
  16 small abominations
  A warg skeleton (Crypt:1)
  12 wights
  3 electric eels
  3 howler monkeys
  2 lava snakes (Volcano)
  A wolf skeleton (Crypt:1)
  5 crimson imps
  2 centaur skeletons
  2 hounds (D:8)
  8 jellies
  13 orc priests
  2 centaur zombies
  22 orc wizards
  3 quasits
  2 bullfrog skeletons
  2 iron imps (Abyss:2)
  A hell rat (D:11)
  4 iguanas
  11 worker ants
  2 hound zombies
  17 mummies (Tomb:1)
  3 gnolls (D:4)
  8 adders
  A river rat (D:11)
  6 shadow imps
  3 white imps
  2 ufetubi
  2 oozes
  2 adder zombies (D:5)
  4 adder skeletons
  3 worms (D:2)
  3 dart slugs
  6 leopard geckos
  86 orcs
  A ball python (D:1)
  5 giant cockroaches
  8 goblins
  6 hobgoblins
  15 jackals
  3 quokkas
  8 bats
  4 frilled lizards
  A jackal zombie (D:5)
  15 kobolds
  3 leopard gecko skeletons
  A quokka zombie (Crypt:1)
  11 rats
  A fungus (Lair:2)
  A lurking horror (Abyss:3)
  A plant (Lair:4)
  8 starspawn tentacles
  4 withered plants (Lair:5)
2879 creatures vanquished.

Vanquished Creatures (collateral kills)
  An ancient lich (Tomb:1)
  Nikola (Swamp:4)
  A curse toe (Zot:4)
  Jory (Depths:3)
  Rupert (Lair:3)
  5 tentacled monstrosities
  5 Orb Guardians (Zot:5)
  Asterion (Spider:2)
  A death cob (Zot:4)
  A tentacled starspawn (WizLab)
  4 sphinxes
  Kirke (Swamp:3)
  6 fire giants
  2 frost giants
  A vault warden (Vaults:4)
  A draconian scorcher (Zot:4)
  An iron dragon (Zot:4)
  A deep elf sorcerer (Elf:3)
  An ironheart preserver (Vaults:4)
  A draconian stormcaller (Zot:4)
  A draconian shifter (Depths:5)
  An ophan (Abyss:1)
  5 very ugly things
  A draconian annihilator (Zot:4)
  The ghost of Vabeppot the Carver, a journeyman DrGl of Ashenzari (Lair:5)
  The ghost of Seod the Fighter, a journeyman FoAK of Lugonu (Lair:5)
  A deep elf annihilator (Elf:1)
  Nessos (D:13)
  A purple draconian (Zot:2)
  2 red draconians
  A white draconian (Zot:2)
  An ettin (D:15)
  A fire dragon (Depths:5)
  A jiangshi (Crypt:2)
  5 great orbs of eyes
  2 vault guards (Vaults:4)
  A spriggan air mage (Depths:4)
  A rakshasa (Vaults:2)
  2 yaktaur captains
  8 hydras
  2 shambling mangroves
  6 two-headed ogres
  A death knight (Crypt:1)
  A tengu warrior (D:15)
  3 alligators
  An ogre mage (Vaults:4)
  3 centaur warriors
  A deep troll shaman (Depths:4)
  6 death scarabs (Tomb:1)
  A vampire mage (Vaults:3)
  3 death yaks
  A deep troll earth mage (Depths:3)
  A soul eater (Crypt:2)
  2 hell knights (Hell)
  A shadow wraith (Vaults:3)
  2 skeletal warriors (Hell)
  4 deep trolls
  4 swamp dragons (Swamp:4)
  A shadow dragon zombie (Crypt:2)
  3 glowing orange brains
  2 deep elf magi
  A phantasmal warrior (Depths:2)
  3 orc knights
  11 orb spiders
  2 ugly things
  A mana viper (shapeshifter) (Vaults:3)
  An orc sorcerer (D:15)
  4 moths of wrath
  11 wolf spiders
  A salamander (Depths:4)
  An elephant (Lair:3)
  An eye of devastation (WizLab)
  3 spiny frogs
  A dire elephant skeleton (Crypt:2)
  A rime drake (Lair:6)
  An efreet (Abyss:3)
  A komodo dragon (Lair:1)
  A tengu conjurer (D:15)
  7 demonic crawlers
  2 yaktaurs
  2 guardian mummies (Tomb:1)
  12 jumping spiders
  2 tyrant leeches (Swamp:4)
  3 hornets
  9 slime creatures
  A dream sheep (Lair:6)
  A blink frog (Lair:4)
  A bog body (Swamp:4)
  19 redbacks
  11 tarantellas
  A water elemental (Elf:1)
  2 yaks
  A hog (Swamp:3)
  A fire bat (Depths:4)
  A neqoxec (WizLab)
  2 vampire mosquitoes
  A swamp worm (Swamp:1)
  An acid dragon (D:11)
  A water moccasin (Lair:6)
  3 porcupines (D:11)
  5 swamp drakes
  8 ogres
  A wolf (Lair:6)
  4 centaurs
  A crocodile (Lair:6)
  A big kobold (D:11)
  A bullfrog (D:13)
  2 killer bees (D:11)
  3 wights
  2 electric eels
  A crimson imp (D:14)
  A centaur skeleton (Crypt:2)
  A jelly (Lair:6)
  A worker ant (D:4)
  2 mummies (Tomb:1)
  A steam dragon zombie (Crypt:2)
  4 orcs
  A kobold (D:11)
  A bush (Lair:5)
  A demonic plant (WizLab)
  5 fungi
  3 plants
  2 withered plants (Lair:5)
305 creatures vanquished.

Vanquished Creatures (others)
  2 death cobs (Zot:2)
  A deep elf elementalist (Elf:3)
  A necromancer (Crypt:2)
  A hornet (Swamp:4)
  A wraith (Crypt:2)
  A water moccasin (Lair:1)
  An orc wizard (Depths:1)
  An iguana (Lair:6)
  A small abomination (Abyss:1)
  3 orcs
  4 demonic plants (WizLab)
  3 fulminant prisms (Zot:5)
  12 fungi
  17 plants
  24 starspawn tentacles
73 creatures vanquished.

Grand Total: 3257 creatures vanquished

Notes
Turn   | Place    | Note
-------+----------+-------------------------------------------
     0 | D:1      | jt the Gargoyle Monk began the quest for the Orb.
     0 | D:1      | Reached XP level 1. HP: 14/14 MP: 1/1
   261 | D:1      | Reached XP level 2. HP: 19/19 MP: 2/2
  1079 | D:2      | Reached XP level 3. HP: 22/23 MP: 3/3
  1570 | D:2      | Found a sparkling altar of Nemelex Xobeh.
  1583 | D:2      | Found an opulent altar of Gozag.
  1587 | D:2      | Found an ancient bone altar of Kikubaaqudgha.
  1608 | D:2      | Became a worshipper of Kikubaaqudgha
  1608 | D:2      | Reached * piety under Kikubaaqudgha
  1608 | D:2      | Identified Kikubaaqudgha's Guide on Evil (Kikubaaqudgha
                  | gifted it to you on level 2 of the Dungeon)
  1608 | D:2      | Received a gift from Kikubaaqudgha
  1608 | D:2      | Reached ** piety under Kikubaaqudgha
  1640 | D:2      | Noticed a moth of wrath
  1643 | D:2      | Found a bloodstained altar of Trog.
  1653 | D:2      | Learned a level 1 spell: Animate Skeleton
  1655 | D:2      | Learned a level 1 spell: Pain
  1956 | D:2      | Found a glowing golden altar of the Shining One.
  2034 | D:2      | Reached XP level 4. HP: 16/28 MP: 4/4
  2759 | D:3      | Reached skill level 5 in Maces & Flails
  2895 | D:3      | Identified the +6 dire flail "Miutzergh" {drain, rC+ Dex+5}
  2895 | D:3      | Noticed an ogre
  2899 | D:3      | Noticed an ogre
  2899 | D:3      | Noticed kae's ghost (amateur FoAK)
  2901 | D:3      | Found a transporter.
  2913 | D:3      | Found a transporter.
  2916 | D:3      | You fall into a shaft and drop 3 floors!
  3071 | D:6      | Reached XP level 5. HP: 32/32 MP: 5/5
  3153 | D:5      | Entered Level 5 of the Dungeon
  3425 | D:5      | Noticed a centaur
  3456 | D:5      | Gained mutation: You are partially covered in molten
                  | scales. (AC +2) [potion of mutation]
  3456 | D:5      | Gained mutation: You have very sharp teeth. [potion of
                  | mutation]
  3456 | D:5      | Gained mutation: You expend magic power (3 MP) to
                  | strengthen your wands. [potion of mutation]
  3692 | D:5      | Noticed a black bear
  3704 | D:5      | Killed a black bear
  3704 | D:5      | Reached XP level 6. HP: 27/37 MP: 6/6
  4040 | D:5      | Reached *** piety under Kikubaaqudgha
  4040 | D:5      | Identified Kikubaaqudgha's Reference Book on Necromancy
                  | (Kikubaaqudgha gifted it to you on level 5 of the Dungeon)
  4040 | D:5      | Received a gift from Kikubaaqudgha
  4624 | D:3      | Reached skill level 1 in Armour
  5562 | D:4      | Identified Cerebov's Volume of the Volcanoes
  5565 | D:4      | Reached XP level 7. HP: 41/41 MP: 7/7
  5596 | D:4      | Found a snail-covered altar of Cheibriados.
  5744 | D:4      | Reached **** piety under Kikubaaqudgha
  6236 | D:5      | Found a staircase to the Ecumenical Temple.
  6456 | D:5      | Reached XP level 8. HP: 43/46 MP: 8/8
  6726 | D:6      | Reached skill level 5 in Armour
  7627 | D:7      | Got a shimmering ring mail
  7628 | D:7      | Identified the +3 ring mail of Theory {Str+2 Slay+3} (You
                  | found it on level 7 of the Dungeon)
  7646 | D:7      | Noticed a hippogriff
  7656 | D:7      | Killed a hippogriff
  7656 | D:7      | Reached skill level 10 in Maces & Flails
  7737 | D:7      | Reached XP level 9. HP: 46/51 MP: 8/10
  7809 | D:7      | Reached skill level 1 in Spellcasting
  7850 | D:7      | Reached skill level 1 in Necromancy
  8289 | D:8      | Found a shimmering blue altar of Sif Muna.
  8696 | D:8      | Noticed Psyche
  9325 | D:9      | Reached skill level 1 in Evocations
  9361 | D:9      | Reached XP level 10. HP: 50/56 MP: 13/13
  9385 | D:9      | Got a bound platinum ring
  9387 | D:9      | Identified the ring of Xuly {Wiz rPois rC- rN+} (You found
                  | it on level 9 of the Dungeon)
  9428 | D:9      | Noticed a deep elf mage
  9439 | D:9      | Killed a deep elf mage
  9506 | D:9      | Noticed a kobold demonologist
  9516 | D:9      | Killed a kobold demonologist
  9532 | D:9      | Got a transparent plate armour
  9533 | D:9      | Identified the +2 plate armour of Etuosuk {Str+2 Int+3}
                  | (You found it on level 9 of the Dungeon)
  9758 | D:10     | Entered Level 10 of the Dungeon
 10676 | D:11     | Reached ***** piety under Kikubaaqudgha
 10830 | D:11     | Noticed a death yak
 10976 | D:11     | Noticed a cyclops
 11188 | D:11     | Killed a cyclops
 11281 | D:11     | Found a staircase to the Lair.
 11281 | D:11     | Noticed a death yak
 11281 | D:11     | Noticed a death yak
 11284 | D:11     | Found a staircase to the Orcish Mines.
 11298 | D:11     | Noticed a five-headed hydra
 11708 | D:3      | Killed kae's ghost
 11961 | D:8      | Paralysed by Psyche for 7 turns
 11969 | D:8      | Killed Psyche
 11969 | D:8      | Reached skill level 5 in Evocations
 12079 | D:8      | Got a slimy robe
 12080 | D:8      | Identified the +1 robe of Failure {+Fly MP-9 Int-4 Stlth+}
                  | (You found it on level 8 of the Dungeon)
 12458 | D:8      | Noticed Pikel
 12469 | D:8      | Killed Pikel
 12541 | D:8      | Reached XP level 11. HP: 60/60 MP: 15/15
 12549 | D:8      | Noticed Erica
 12552 | D:8      | Killed Erica
 12604 | D:8      | Noticed a two-headed ogre
 12620 | D:8      | Killed a two-headed ogre
 12895 | D:11     | Killed a five-headed hydra
 13040 | D:11     | Killed a death yak
 13145 | D:11     | Killed a death yak
 13153 | D:11     | Killed a death yak
 13321 | D:11     | Noticed Snorg
 13339 | D:11     | Killed Snorg
 13440 | Lair:1   | Entered Level 1 of the Lair of Beasts
 13505 | Lair:1   | Reached skill level 4 in Fighting
 13614 | Lair:1   | Reached skill level 5 in Fighting
 13629 | Lair:1   | Found a dark tunnel.
 13654 | Volcano  | Entered a volcano
 13901 | Volcano  | Found a burning altar of Makhleb.
 13901 | Volcano  | Noticed a centaur warrior
 13906 | Volcano  | Killed a centaur warrior
 13906 | Volcano  | Reached skill level 6 in Fighting
 13906 | Volcano  | Reached XP level 12. HP: 61/71 MP: 16/18
 13914 | Volcano  | Reached skill level 7 in Fighting
 14004 | Volcano  | Noticed a red draconian
 14015 | Volcano  | Killed a red draconian
 14015 | Volcano  | Reached skill level 8 in Fighting
 14554 | Lair:1   | Reached skill level 9 in Fighting
 15516 | Lair:2   | Reached skill level 10 in Fighting
 15895 | Lair:2   | Found a hole to the Spider Nest.
 15962 | Lair:2   | Got an iridescent battleaxe
 15963 | Lair:2   | Identified the +9 battleaxe "Xodisu" {freeze, Fragile
                  | +Blink rN+} (You found it on level 2 of the Lair of Beasts)
 16328 | Lair:3   | Reached skill level 11 in Fighting
 16411 | Lair:3   | Noticed Rupert
 16486 | Lair:3   | Killed Rupert
 16486 | Lair:3   | Reached skill level 5 in Spellcasting
 16486 | Lair:3   | Reached skill level 5 in Necromancy
 16486 | Lair:3   | Reached XP level 13. HP: 64/84 MP: 12/21
 16514 | Lair:3   | Learned a level 4 spell: Animate Dead
 16974 | Lair:4   | Reached ****** piety under Kikubaaqudgha
 17001 | Lair:3   | Reached skill level 12 in Fighting
 17619 | Lair:4   | Reached skill level 13 in Fighting
 18430 | Lair:5   | Found a runed translucent gate.
 18430 | Lair:5   | Found a runed translucent gate.
 18430 | Lair:5   | Found a runed translucent gate.
 18431 | Lair:5   | Noticed Seod's ghost (journeyman FoAK)
 18432 | Lair:5   | Noticed Vabeppot's ghost (journeyman DrGl)
 18462 | Lair:5   | Killed Vabeppot's ghost
 18463 | Lair:5   | Killed Seod's ghost
 18480 | Lair:5   | Learned a level 3 spell: Vampiric Draining
 18976 | Lair:5   | Gained mutation: Your large and strong wings let you fly
                  | indefinitely. [Gargoyle growth]
 18976 | Lair:5   | Reached XP level 14. HP: 86/95 MP: 24/24
 19274 | Lair:6   | Entered Level 6 of the Lair of Beasts
 19336 | Lair:6   | Reached skill level 14 in Fighting
 19676 | Lair:6   | Found a staircase to the Slime Pits.
 20482 | Lair:6   | Noticed a dire elephant
 20492 | Lair:6   | Killed a dire elephant
 20526 | Lair:6   | Identified the cursed +3 hand axe of a Hundred Orbs
                  | {protect, *Rage rN+ Int+3} (You found it on level 6 of the
                  | Lair of Beasts)
 21635 | Lair:3   | Reached XP level 15. HP: 77/101 MP: 18/27
 21658 | Lair:3   | Identified Aseneaps's Reference Book on Frigorific Darkness
 21688 | Lair:3   | Identified the +5 short sword of Retoh {vorpal, *Drain
                  | rPois MR+} (You found it on level 3 of the Lair of Beasts)
 21703 | Lair:3   | Noticed Nergalle
 21719 | Lair:3   | Killed Nergalle
 21841 | Lair:3   | Found a staircase to the Swamp.
 21847 | Lair:3   | Reached skill level 5 in Stealth
 22011 | Swamp:1  | Entered Level 1 of the Swamp
 22036 | Swamp:1  | Reached skill level 15 in Fighting
 22415 | Swamp:1  | Identified the +4 mace "Killer Bee's Peril" {antimagic,
                  | +Fly rF+ Str-3 SInv} (You found it on level 1 of the Swamp)
 25358 | Swamp:3  | Noticed a thorn hunter
 25368 | Swamp:3  | Killed a thorn hunter
 25380 | Swamp:3  | Noticed a tentacled monstrosity
 25387 | Swamp:3  | Killed a tentacled monstrosity
 25387 | Swamp:3  | Reached skill level 10 in Spellcasting
 25582 | Swamp:3  | Found a shadowy altar of Dithmenos.
 25741 | Swamp:3  | Noticed Kirke
 25759 | Swamp:3  | Killed Kirke
 26002 | Swamp:4  | Entered Level 4 of the Swamp
 26012 | Swamp:4  | Reached XP level 16. HP: 87/110 MP: 30/30
 26298 | Swamp:3  | Reached skill level 16 in Fighting
 26765 | Swamp:4  | Noticed Nikola
 26781 | Swamp:4  | Killed Nikola
 26781 | Swamp:4  | Reached skill level 10 in Necromancy
 27065 | Swamp:4  | Noticed a thorn hunter
 27073 | Swamp:4  | Killed a thorn hunter
 27608 | Swamp:4  | Got a decaying rune of Zot
 28201 | Spider:1 | Entered Level 1 of the Spider Nest
 28669 | Spider:1 | Reached skill level 17 in Fighting
 28707 | Spider:1 | Reached XP level 17. HP: 65/117 MP: 27/32
 28793 | Spider:1 | Reached skill level 1 in Earth Magic
 29927 | Spider:2 | Noticed Asterion
 29943 | Spider:2 | Killed Asterion
 30168 | Spider:2 | Reached skill level 5 in Earth Magic
 30185 | Spider:2 | Learned a level 5 spell: Borgnjor's Vile Clutch
 31591 | Spider:3 | Identified the Collected Works on the Escort
 32233 | Spider:4 | Entered Level 4 of the Spider Nest
 33962 | Spider:3 | Reached XP level 18. HP: 124/124 MP: 34/34
 34031 | Spider:3 | Reached skill level 10 in Earth Magic
 34326 | Spider:3 | Reached skill level 18 in Fighting
 34478 | Spider:3 | Learned a level 2 spell: Corpse Rot
 35093 | Spider:4 | Got a gossamer rune of Zot
 35306 | Orc:1    | Entered Level 1 of the Orcish Mines
 35653 | Orc:1    | Noticed Urug
 35667 | Orc:1    | Killed Urug
 36019 | Orc:2    | Entered Level 2 of the Orcish Mines
 36318 | Orc:2    | Found a staircase to the Elven Halls.
 36369 | Orc:2    | Found Sypn's Weapon Emporium.
 36387 | Orc:2    | Reached skill level 15 in Maces & Flails
 36859 | Orc:2    | Found Don Pax's Distillery.
 36885 | Orc:2    | Found Mithogip's Food Boutique.
 36898 | Orc:2    | Bought a potion of haste for 160 gold pieces
 36898 | Orc:2    | Bought a potion of heal wounds for 80 gold pieces
 36900 | Orc:2    | Found Soogg's Book Emporium.
 39009 | D:13     | Reached skill level 1 in Shields
 39104 | D:13     | Noticed Nessos
 39106 | D:13     | Paralysed by a great orb of eyes for 5 turns
 39112 | D:13     | Killed Nessos
 39767 | D:13     | Found a gate to the Vaults.
 40617 | D:14     | Found a shattered altar of Ashenzari.
 40815 | D:14     | Found a runed translucent door.
 41173 | D:14     | Reached XP level 19. HP: 113/130 MP: 13/36
 41238 | D:14     | Identified the +7 rapier "Bigril" {freeze, Dex+6} (You
                  | found it on level 14 of the Dungeon)
 41240 | D:14     | Identified the ring "Didyloliat" {*Drain rElec AC+4 Stlth+}
                  | (You found it on level 14 of the Dungeon)
 41358 | D:15     | Entered Level 15 of the Dungeon
 42097 | D:15     | Found Kouv's Assorted Antiques.
 42097 | D:15     | Found Qiel's Antique Weapon Boutique.
 42100 | D:15     | Found Ohush's Gadget Boutique.
 42103 | D:15     | Found Doeczoc's Gadget Boutique.
 42342 | D:15     | Found a staircase to the Depths.
 42683 | Depths:1 | Entered Level 1 of the Depths
 42802 | Vaults:1 | Entered Level 1 of the Vaults
 43940 | Vaults:1 | Found Xiunwyma's Magic Scroll Emporium.
 43948 | Vaults:1 | Bought a scroll of blinking for 127 gold pieces
 45256 | Vaults:1 | Reached skill level 15 in Earth Magic
 45621 | Vaults:1 | Found the +8 demon trident "Rift" {distort, reach+}
 46163 | Vaults:2 | Noticed Mennas
 46183 | Vaults:2 | Killed Mennas
 46183 | Vaults:2 | Reached XP level 20. HP: 111/137 MP: 19/38
 48907 | Vaults:3 | Reached skill level 19 in Fighting
 49224 | Vaults:3 | Reached XP level 21. HP: 59/144 MP: 27/39
 49816 | Vaults:3 | Found a staircase to the Crypt.
 49985 | Vaults:3 | Reached skill level 10 in Evocations
 50016 | Vaults:3 | Reached skill level 15 in Spellcasting
 54291 | Vaults:5 | Entered Level 5 of the Vaults
 54537 | Vaults:4 | Reached XP level 22. HP: 145/152 MP: 41/41
 54896 | Elf:1    | Entered Level 1 of the Elven Halls
 55062 | Elf:1    | Reached skill level 5 in Shields
 55326 | Elf:1    | Found Uzamo's Antique Armour Boutique.
 55342 | Elf:1    | Bought a runed cloak for 202 gold pieces
 55727 | Elf:1    | Reached skill level 20 in Fighting
 55748 | Elf:1    | Identified the Almanac of Conjuration
 56522 | Elf:2    | Found a radiant altar of Vehumet.
 56668 | Elf:2    | Learned a level 5 spell: Lee's Rapid Deconstruction
 56839 | Elf:2    | Found a runed translucent gate.
 56840 | Elf:2    | Found a runed translucent gate.
 56841 | Elf:2    | Found a runed translucent gate.
 57716 | Elf:2    | Reached skill level 15 in Necromancy
 58211 | Elf:3    | Entered Level 3 of the Elven Halls
 58234 | Elf:3    | Found Wyci Pai's Distillery.
 58249 | Elf:3    | Bought a potion of resistance for 150 gold pieces
 58249 | Elf:3    | Bought a potion of resistance for 150 gold pieces
 58995 | Elf:3    | Noticed Aizul
 59001 | Elf:3    | Killed Aizul
 59484 | Elf:3    | Reached XP level 23. HP: 142/158 MP: 6/43
 60127 | Elf:3    | Identified the +4 executioner's axe of Death {vorpal,
                  | *Noise rPois rF+ rC+}
 60273 | Elf:3    | Found the +3 crown of Dyrovepreva {rElec Int+2 SInv}
 60278 | Elf:3    | Identified the -1 cloak of the Sky {rF+ Dex+5} (You found
                  | it on level 3 of the Elven Halls)
 60357 | Elf:3    | Identified the +2 pair of boots of the Armadillo {Dex+6
                  | Stlth+} (You found it on level 3 of the Elven Halls)
 60428 | Elf:3    | Identified the cursed +0 chain mail of the Valley of Death
                  | {MR+ Stlth+} (You found it on level 3 of the Elven Halls)
 61239 | Depths:1 | Noticed Saint Roka
 61919 | Depths:1 | Killed Saint Roka
 62129 | Depths:1 | Found a gateway to a ziggurat.
 62250 | Depths:1 | Found Etrom's Gadget Shop.
 62250 | Depths:1 | Found Idghaqong's General Store.
 62252 | Depths:1 | Found Nausi's Distillery.
 62253 | Depths:1 | Found Todgh's Antique Armour Shop.
 62347 | Depths:1 | Found a gateway to Hell.
 62363 | Depths:1 | Found a corrupted altar of Lugonu.
 62365 | Depths:1 | Found a one-way gate to the infinite horrors of the Abyss.
 62484 | Depths:1 | Found a one-way gate leading to the halls of Pandemonium.
 63270 | Depths:2 | Paralysed by a floating eye for 4 turns
 64169 | Depths:2 | Reached skill level 21 in Fighting
 64391 | Depths:2 | Reached skill level 10 in Shields
 65139 | Depths:2 | Found a white marble altar of Elyvilon.
 65154 | Depths:2 | Reached XP level 24. HP: 166/166 MP: 34/43
 65456 | Depths:2 | Learned a level 4 spell: Dispel Undead
 66178 | Depths:3 | Identified the cursed ring of Houm {rC+ AC-4 Str+4 Dex+2}
 66476 | Depths:3 | Found a magical portal.
 67333 | WizLab   | Got a coiled lead ring
 67334 | WizLab   | Identified the ring "Senwy" {rC+ rN++ MR+ Int-2} (You found
                  | it in a wizard's laboratory)
 68160 | WizLab   | Found a transporter.
 68224 | WizLab   | Found a transporter.
 68455 | WizLab   | Identified the amulet of Finality {Acrobat Int+5} (You
                  | found it in a wizard's laboratory)
 68485 | WizLab   | Identified Lehudib's Papyrus of the Unstable Mountains
 68632 | Depths:3 | Noticed Jory
 68658 | Depths:3 | Killed Jory
 68792 | Depths:3 | Reached XP level 25. HP: 129/172 MP: 26/44
 69494 | Hell     | Entered the Vestibule of Hell
 69494 | Hell     | Noticed Geryon
 70313 | Depths:3 | Reached skill level 10 in Armour
 71163 | Hell     | Killed Geryon
 71163 | Hell     | Reached skill level 22 in Fighting
 71414 | Hell     | Found a gateway to the freezing wastes of Cocytus.
 71503 | Hell     | Found a gateway to the Iron City of Dis.
 71608 | Hell     | Found a gateway to the ashen valley of Gehenna.
 71710 | Hell     | Found a gateway to the decaying netherworld of Tartarus.
 71774 | Tar:1    | Entered Level 1 of Tartarus
 72241 | Depths:3 | Identified a +2 demon whip of pain (a +0 demon whip
                  | bloodied by Kikubaaqudgha)
 72241 | Depths:3 | Received a gift from Kikubaaqudgha
 72551 | Vaults:1 | Bought a scroll of enchant weapon for 127 gold pieces
 72552 | Vaults:1 | Bought a scroll of summoning for 161 gold pieces
 72552 | Vaults:1 | Bought a scroll of summoning for 161 gold pieces
 72770 | Depths:1 | Bought a potion of experience for 1000 gold pieces
 72770 | Depths:1 | Reached XP level 26. HP: 180/180 MP: 45/45
 72774 | Depths:1 | Bought a potion of heal wounds for 115 gold pieces
 72777 | Depths:1 | Bought a twisted plate armour for 1232 gold pieces
 72778 | Depths:1 | Identified the +8 plate armour "Here" {*Corrode rF+ rC+}
                  | (You bought it in a shop on level 1 of the Depths)
 73065 | Crypt:1  | Entered Level 1 of the Crypt
 74740 | Crypt:2  | Noticed Margery
 74758 | Crypt:2  | Killed Margery
 74945 | Crypt:3  | Entered Level 3 of the Crypt
 74969 | Crypt:3  | Reached XP level 27. HP: 186/186 MP: 32/45
 76598 | Crypt:3  | Noticed an ancient lich
 76610 | Crypt:3  | Killed an ancient lich
 76737 | Crypt:3  | Found an ancient bone altar of Kikubaaqudgha.
 76778 | Crypt:3  | Identified the cursed +0 chain mail of Daffodils {rElec
                  | rCorr Dex-5} (You found it on level 3 of the Crypt)
 76865 | Crypt:3  | Found a staircase to the Tomb.
 77056 | Crypt:3  | Identified Facaef's Volume of Evil Secrets
 77132 | Tomb:1   | Entered Level 1 of the Tomb of the Ancients
 77485 | Tomb:1   | Reached skill level 23 in Fighting
 77796 | Tomb:1   | Noticed an ancient lich
 77820 | Tomb:1   | Gained mutation: Your spells are a little easier to cast,
                  | but a little less powerful. [mutagenic glow]
 77982 | Tomb:1   | Killed an ancient lich
 78066 | Tomb:1   | Reached skill level 15 in Shields
 78111 | Tomb:1   | Noticed a greater mummy
 78142 | Tomb:1   | Killed a greater mummy
 80883 | Vaults:5 | Noticed Mara
 80887 | Vaults:5 | Noticed jt's illusion
 80898 | Vaults:5 | Killed Mara
 81828 | Vaults:5 | Got a silver rune of Zot
 81959 | Vaults:5 | Identified the Disquisition on Clay and Snow
 81966 | Vaults:5 | Learned a level 4 spell: Leda's Liquefaction
 81973 | Vaults:5 | Learned a level 6 spell: Death Channel
 82846 | Depths:4 | Reached skill level 24 in Fighting
 84398 | Depths:4 | Noticed a juggernaut
 84436 | Depths:4 | Killed a juggernaut
 84443 | Depths:4 | Found the +2 robe of Vines {NoPotionHeal Regen+7}
 84863 | Depths:5 | Entered Level 5 of the Depths
 85152 | Depths:5 | Found a portal to a secret trove of treasure.
 86111 | Depths:5 | Found a gate to the Realm of Zot.
 86492 | Zot:1    | Entered Level 1 of the Realm of Zot
 86885 | Depths:4 | Voluntarily entered the Abyss.
 86932 | Abyss:1  | Got a brightly glowing war axe
 86936 | Abyss:1  | Identified the cursed +3 war axe of Day {vorpal, rF- SInv
                  | Stlth+} (You found it on level 1 of the Abyss)
 87198 | Abyss:1  | Learned a level 2 spell: Passwall
 87274 | Abyss:1  | Paralysed by accursed screaming for 1 turns
 87555 | Depths:4 | Escaped the Abyss
 87709 | Depths:4 | Voluntarily entered the Abyss.
 88036 | Depths:4 | Escaped the Abyss
 88268 | Depths:4 | Voluntarily entered the Abyss.
 88637 | Abyss:1  | Paralysed by a floating eye for 3 turns
 88646 | Abyss:1  | Paralysed by a floating eye for 3 turns
 88651 | Abyss:1  | Paralysed by a floating eye for 4 turns
 88857 | Abyss:1  | Gained mutation: You are weak. (Str -2) [a shining eye]
 88866 | Abyss:1  | Gained mutation: Armour fits poorly on your strangely
                  | shaped body. [a shining eye]
 88889 | Abyss:2  | Found a corrupted altar of Lugonu.
 88939 | Abyss:2  | Found a corrupted altar of Lugonu.
 89378 | Abyss:3  | Reached skill level 25 in Fighting
 89515 | Abyss:3  | Got an abyssal rune of Zot
 89578 | Abyss:3  | Paralysed by accursed screaming for 1 turns
 89846 | Depths:4 | Escaped the Abyss
 90606 | Zot:1    | Reached skill level 1 in Hexes
 92308 | Zot:2    | Noticed an orb of fire
 93103 | Vaults:1 | Bought a scroll of immolation for 59 gold pieces
 93103 | Vaults:1 | Bought a scroll of magic mapping for 59 gold pieces
 93598 | Tomb:1   | Noticed a greater mummy
 93617 | Tomb:1   | Killed a greater mummy
 93897 | Tomb:1   | Learned a level 2 spell: Blink
 94455 | Slime:1  | Entered Level 1 of the Pits of Slime
 95705 | Slime:2  | Reached skill level 5 in Hexes
 96948 | Slime:5  | Entered Level 5 of the Pits of Slime
 97134 | Slime:5  | Noticed the Royal Jelly
 97135 | Slime:5  | Found a viscous altar of Jiyva.
 97176 | Slime:4  | Gained mutation: You are robust. (+10% HP) [a shining eye]
 97340 | Slime:5  | Killed the Royal Jelly
 97628 | Slime:5  | Gained mutation: Your magical capacity is low. (-10% MP) [a
                  | shining eye]
 97630 | Slime:5  | Gained mutation: You tend to lose your temper in combat. [a
                  | shining eye]
 97814 | Slime:5  | Gained mutation: You do not regenerate when monsters are
                  | visible. [a shining eye]
 97820 | Slime:5  | Found the +3 pair of gauntlets of War {Slay+5}
 97825 | Slime:5  | Got a slimy rune of Zot
 97904 | Slime:5  | Got a vibrating copper ring
 97905 | Slime:5  | Identified the ring "Xeonocir" {rC+ Str+3 Int+3} (You found
                  | it on level 5 of the Pits of Slime)
 97918 | Slime:5  | Identified the Volume of Sinister Secrets and the Oath
 98452 | Orc:2    | Bought a potion of curing for 48 gold pieces
 98452 | Orc:2    | Bought a potion of curing for 48 gold pieces
 98452 | Orc:2    | Bought a potion of might for 64 gold pieces
 98544 | Elf:3    | Bought a potion of haste for 150 gold pieces
 98544 | Elf:3    | Bought a potion of mutation for 120 gold pieces
 98544 | Elf:3    | Bought a potion of curing for 45 gold pieces
 98731 | D:15     | Bought a runed cloak for 240 gold pieces
 99377 | Depths:1 | Bought a potion of might for 80 gold pieces
 99377 | Depths:1 | Bought a potion of curing for 60 gold pieces
 99377 | Depths:1 | Bought a potion of mutation for 160 gold pieces
 99377 | Depths:1 | Bought a potion of curing for 60 gold pieces
 99377 | Depths:1 | Bought 2 potions of mutation for 320 gold pieces
 99377 | Depths:1 | Bought 2 potions of mutation for 320 gold pieces
 99523 | D:15     | Bought a potion of resistance for 320 gold pieces
 99762 | Zot:2    | Gained mutation: You often lose your temper in combat. [an
                  | orb of fire]
 99771 | Zot:2    | Killed an orb of fire
100360 | Zot:2    | Found a huge runed gate.
100360 | Zot:2    | Found a huge runed gate.
100360 | Zot:2    | Found a huge runed gate.
100360 | Zot:2    | Found a huge runed gate.
100360 | Zot:2    | Found a huge runed gate.
100360 | Zot:2    | Found a huge runed gate.
100365 | Zot:2    | Identified the +1 ring mail "Qaofill" {Str+6} (You found it
                  | on level 2 of the Realm of Zot)
100366 | Zot:2    | Found a huge runed gate.
100368 | Zot:2    | Found a huge runed gate.
100368 | Zot:2    | Found a huge runed gate.
100368 | Zot:2    | Found a huge runed gate.
100368 | Zot:2    | Found a huge runed gate.
100368 | Zot:2    | Found a huge runed gate.
100408 | Zot:2    | Found a huge runed gate.
100408 | Zot:2    | Found a huge runed gate.
100415 | Zot:2    | Found a huge runed gate.
100415 | Zot:2    | Found a huge runed gate.
100416 | Zot:2    | Found a huge runed gate.
100442 | Zot:2    | Reached skill level 1 in Translocations
100444 | Zot:2    | Found a huge runed gate.
100444 | Zot:2    | Found a huge runed gate.
100473 | Zot:2    | Found a huge runed gate.
100473 | Zot:2    | Found a huge runed gate.
100473 | Zot:2    | Found a huge runed gate.
100473 | Zot:2    | Found a huge runed gate.
100595 | Zot:2    | Found a huge runed gate.
100596 | Zot:2    | Found a huge runed gate.
100596 | Zot:2    | Found a huge runed gate.
100596 | Zot:2    | Found a huge runed gate.
100597 | Zot:2    | Found a huge runed gate.
100788 | Zot:2    | Found a huge runed gate.
100806 | Zot:2    | You are sucked into a shaft and drop 2 floors!
101892 | Zot:2    | Noticed an ancient lich
101892 | Zot:2    | Noticed an orb of fire
101892 | Zot:2    | Noticed an orb of fire
101893 | Zot:2    | Noticed an orb of fire
101896 | Zot:2    | Gained mutation: Scrolls take you a little longer to read.
                  | [an orb of fire]
101915 | Zot:2    | Gained mutation: Your magical capacity is very low. (-20%
                  | MP) [an orb of fire]
101921 | Zot:2    | Killed an orb of fire
101921 | Zot:2    | Reached skill level 5 in Translocations
101930 | Zot:2    | Killed an orb of fire
101938 | Zot:2    | Gained mutation: Your body sometimes deteriorates upon
                  | taking damage. [an orb of fire]
101943 | Zot:2    | Killed an ancient lich
101945 | Zot:2    | Gained mutation: Your body often deteriorates upon taking
                  | damage. [an orb of fire]
101951 | Zot:2    | Killed an orb of fire
101975 | Zot:2    | Lost mutation: Scrolls take you a little longer to read.
                  | [potion of mutation]
101975 | Zot:2    | Lost mutation: Your magical capacity is very low. (-20% MP)
                  | [potion of mutation]
101975 | Zot:2    | Gained mutation: You are somewhat resistant to further
                  | mutation. [potion of mutation]
101976 | Zot:2    | Lost mutation: Your spells are a little easier to cast, but
                  | a little less powerful. [potion of mutation]
101976 | Zot:2    | Lost mutation: Your magical capacity is low. (-10% MP)
                  | [potion of mutation]
101976 | Zot:2    | Lost mutation: Your body often deteriorates upon taking
                  | damage. [potion of mutation]
102725 | Zot:3    | Reached skill level 5 in Dodging
103056 | Zot:3    | Identified the +2 plate armour of Vausho {Str+2 Int+2} (You
                  | found it on level 3 of the Realm of Zot)
103110 | Zot:3    | Identified a +2 pair of boots of running (You found it on
                  | level 3 of the Realm of Zot)
103630 | Zot:4    | Noticed an orb of fire
103643 | Zot:4    | Killed an orb of fire
103714 | Zot:4    | Noticed an ancient lich
103734 | Zot:4    | Killed an ancient lich
104704 | Zot:5    | Entered Level 5 of the Realm of Zot
105316 | Zot:5    | Noticed an orb of fire
105335 | Zot:5    | Killed an orb of fire
105347 | Zot:5    | Learned a level 4 spell: Fulminant Prism
105714 | Zot:5    | Reached skill level 1 in Conjurations
105787 | Zot:5    | Noticed an ancient lich
105796 | Zot:5    | Killed an ancient lich
105797 | Zot:5    | Noticed an ancient lich
105797 | Zot:5    | Noticed an orb of fire
105797 | Zot:5    | Noticed an ancient lich
105798 | Zot:5    | Noticed an ancient lich
105805 | Zot:5    | Gained mutation: You occasionally shout uncontrollably at
                  | your foes. [an orb of fire]
105922 | Zot:5    | Noticed an ancient lich
105932 | Zot:5    | Killed an ancient lich
105937 | Zot:5    | Lost mutation: You are robust. (+10% HP) [an orb of fire]
105941 | Zot:5    | Killed an orb of fire
105951 | Zot:5    | Reached skill level 5 in Conjurations
105955 | Zot:5    | Lost mutation: Armour fits poorly on your strangely shaped
                  | body. [potion of mutation]
105955 | Zot:5    | Lost mutation: You often lose your temper in combat.
                  | [potion of mutation]
105955 | Zot:5    | Lost mutation: You occasionally shout uncontrollably at
                  | your foes. [potion of mutation]
105956 | Zot:5    | Lost mutation: You tend to lose your temper in combat.
                  | [potion of mutation]
105956 | Zot:5    | Lost mutation: You expend magic power (3 MP) to strengthen
                  | your wands. [potion of mutation]
105956 | Zot:5    | Lost mutation: You are weak. (Str -2) [potion of mutation]
106101 | Zot:5    | Noticed an orb of fire
106125 | Zot:5    | Killed an orb of fire
106261 | Zot:5    | Noticed an ancient lich
106262 | Zot:5    | Noticed an orb of fire
106269 | Zot:5    | Noticed an ancient lich
106270 | Zot:5    | Gained mutation: You are weak. (Str -2) [an orb of fire]
106286 | Zot:5    | Killed an ancient lich
106296 | Zot:5    | Killed an ancient lich
106318 | Zot:5    | Killed an orb of fire
106769 | Zot:5    | Reached skill level 1 in Throwing
106807 | Zot:5    | Killed an ancient lich
106860 | Zot:5    | Killed an ancient lich
106891 | Zot:5    | Killed an ancient lich
107278 | Zot:5    | Noticed an ancient lich
107297 | Zot:5    | Killed an ancient lich
107312 | Zot:5    | Learned a level 1 spell: Apportation
107373 | Zot:5    | Noticed an orb of fire
107389 | Zot:5    | Gained mutation: Armour fits poorly on your strangely
                  | shaped body. [an orb of fire]
107390 | Zot:5    | Killed an orb of fire
107390 | Zot:5    | Reached skill level 5 in Throwing
107398 | Zot:5    | Learned a level 6 spell: Simulacrum
107564 | Zot:5    | Gained mutation: Potions are less effective at restoring
                  | your health. [mutagenic glow]
107702 | Zot:5    | Lost mutation: You do not regenerate when monsters are
                  | visible. [potion of mutation]
107702 | Zot:5    | Lost mutation: Your body sometimes deteriorates upon taking
                  | damage. [potion of mutation]
107702 | Zot:5    | Lost mutation: Armour fits poorly on your strangely shaped
                  | body. [potion of mutation]
107702 | Zot:5    | Gained mutation: You have supernaturally acute eyesight.
                  | (SInv) [potion of mutation]
107713 | Zot:5    | Got the Orb of Zot
107867 | Zot:3    | Noticed Coppaq the pandemonium lord
108351 | D:$      | Escaped with the Orb!

Illustrated notes

Levels and vault maps discovered:
D:1:      ncdulo_watergridlock, layout_loops_ring, serial_bayou_pond_e
D:2:      layout_loops_ring, minmay_overflow_temple_star_quad, tgw_trog,
          old_standard_altar
D:3:      layout_basic, gammafunk_ghost_smash
D:4:      layout_cave_pools, kennysheep_slug_shrine
D:5:      layout_rooms, minmay_temple_entry_junction, first_ration, bh_chokoban
D:6:      layout_basic
D:7:      layout_basic
D:8:      layout_loops_corners, old_standard_altar, minmay_starry_boxes,
          uniq_psyche, uniq_pikel, uniq_erica
D:9:      layout_roguey, minmay_diamond_spiral
D:10:     layout_irregular_city
D:11:     layout_loops_ring, dpeg_lair_monsters, david_orc_3, uniq_snorg
D:12:     layout_irregular_city
D:13:     layout_roguey, david_vaults_5, uniq_nessos
D:14:     layout_rooms, evilmike_ruin_ashenzari, hangedman_stone_soup,
          minmay_st_funbox
D:15:     gammafunk_enter_depths_forms, layout_long_grid,
          minmay_shop_grid_forest
Lair:1:   layout_regular_city, portal_ice_cave_entry_pillars_2,
          lightli_volcano_entry_magma_tube, patterned_corridor
Lair:2:   layout_long_grid, spider_nest_entry_a, minivault_19
Lair:3:   layout_misc_corridors, minmay_swamp_entry_swarm, minmay_lindwurm_lava,
          uniq_nergalle, uniq_rupert
Lair:4:   layout_gridlike
Lair:5:   wander_river, layout_long_grid, gammafunk_ghost_cemetery
Lair:6:   guppyfry_lair_end_dragon, layout_regular_city,
          hangedman_lair_in_review, minmay_slime_entry_pillars,
          serial_bayou_lagoon_a, hangedman_lair_unloving_vines,
          eino_small_chamber_without_monster, grunt_forest_stairs_basic
Swamp:1:  layout_basic_swamp, nicolae_swamp_trees_clearing
Swamp:2:  layout_falls_marsh, evilmike_swamp_ruin_house_3
Swamp:3:  layout_falls_marsh, nicolae_swamp_godswood, swamp_pool4,
          infiniplex_staircase_pool, uniq_kirke
Swamp:4:  swamp_basic_johnstein, layout_basic_swamp, swamp_pool1,
          infiniplex_staircase_pool_2, uniq_nikola
Spider:1: layout_spider_delve
Spider:2: layout_chambers, drop_trap, uniq_asterion
Spider:3: lemuel_spider_zombies
Spider:4: spider_rune_water
Slime:1:  layout_caves
Slime:2:  layout_caves
Slime:3:  layout_caves
Slime:4:  layout_caves, cheibrodos_slime_lost_civilization_4
Slime:5
Orc:1:    nicolae_orc_accident_1, layout_diamond_mine, uniq_urug
Orc:2:    st_orc_open, layout_caves
Elf:1:    minmay_elf_arrival_summoners, layout_gridlike, serial_shops,
          nicolae_shop_stone, minmay_elf_annihilation
Elf:2:    layout_onion_city, basic_altar
Elf:3:    minmay_elf_hall_hex, layout_geoelf_octagon, serial_shops,
          nicolae_shop_temple_entry_statues_fountains, uniq_aizul
Vaults:1: v_misc_32, v_rooms_6, nicolae_vaults_little_squares_4,
          nicolae_vaults_mini_display_case, nicolae_vaults_network_s,
          v_pattern_5, v_misc_10, v_misc_25, st_spiral_rooms,
          vaults_room_stairs_pillars, nicolae_vaults_ring_of_whatevers,
          layout_vaults_omnigrid, serial_shops, nicolae_shop_crystal
Vaults:2: v_misc_3, dpeg_vaults_monster_row, nicolae_vaults_little_ls,
          ontoclasm_vaults_chip, v_alt_pattern_6, v_rooms_6, v_pattern_1,
          v_alt_pattern_3, vaults_dpeg_ring, ontoclasm_vaults_misaligned,
          layout_vaults_omnibox, uniq_mennas
Vaults:3: minmay_crypt_entry_simple_statues, hangedman_vaults_variations,
          nicolae_vaults_minivaults, hangedman_vaults_corner_blocks,
          vaults_mumra_hex, v_misc_29, nicolae_vaults_alarming,
          vaults_mumra_hexcomb, nicolae_vaults_specimen_jars,
          nicolae_vaults_network_periphery, v_alt_pattern_4, v_misc_19,
          layout_vaults_maze, serial_shops, bzr_entry_safe
Vaults:4: hangedman_vaults_river_flow, v_pattern_4, v_misc_14,
          nicolae_vaults_asterisk, v_misc_2, nicolae_vaults_network_barrier,
          v_misc_9, grunt_vaults_twisty, layout_vaults_chaotic_city
Vaults:5: uniq_mara
Crypt:1:  layout_basic, grunt_megastairs_2
Crypt:2:  layout_gridlike, uniq_margery
Crypt:3:  cryptofortress_bobbens
Tomb:1
Depths:1: layout_basic, enter_ziggurat_e, chequers_serial_rivers_small_a,
          pan_entry, abyss_entry_flame_altar, hell_entry,
          kennysheep_generic_room_15, minmay_shoptagon, serial_bayou_shore_b,
          uniq_saint_roka
Depths:2: minmay_skeleton_keep, layout_cave_shapes, hell_entry,
          old_standard_altar, abyss_entry
Depths:3: minmay_complete_graph, layout_gridville, pan_entry, mu_enter_wizlab_3,
          grunt_decor_cap, pf_coc_iceberg, serial_glass, glass_columns_b,
          glass_columns_a, uniq_jory
Depths:4: evilmike_lava_path, layout_small_grid, rand_demon_pan_entry_5,
          hell_entry, nrook_mini_backslash, abyss_entry, grunt_ministairs_11
Depths:5: grunt_zot_entry_tricorne, layout_cave_pools, nrook_mini_vaults,
          pf_hell_entry_tar_spiral, nicolae_trove_entry_diagonal, serial_glass,
          glass_columns_b, glass_columns_a, glass_columns_a, glass_columns_a,
          glass_columns_b, glass_columns_a, glass_columns_b, glass_columns_b
Hell
Tar:1:    layout_honeycomb, nicolae_tar_cuneiform_to_be
Zot:1:    layout_gridlike, st_stairs_14
Zot:2:    layout_misc_corridors, door_vault, grunt_megastairs_3
Zot:3:    layout_gridlike, hangedman_spider_trapstep
Zot:4:    layout_twisted_circle, hangedman_player_shredder
Zot:5:    layout_basic

Skill      XL: |  1  2  3  4  5  6  7  8  9 10 11 12 13 14 15 16 17 18 19 20 21 22 23 24 25 26 27 |
---------------+----------------------------------------------------------------------------------+-----
Maces & Flails | 4 5 6 7 8 10 12 13 14 15 16 | 16.0
Armour         | 1 4 5 6 9 10 | 10.0
Spellcasting   | 2 3 4 5 6 8 10 11 12 13 14 15 16 17 18 20 | 20.8
Necromancy     | 2 3 4 5 6 8 9 10 11 12 13 14 15 16 17 22 | 22.6
Evocations     | 1 5 6 8 9 10 | 10.1
Fighting       | 6 11 13 14 15 17 18 19 20 21 22 25 | 25.0
Stealth        | 4 5 |  5.0
Earth Magic    | 9 12 15 16 17 18 | 18.9
Shields        | 3 4 7 10 11 13 23 | 23.7
Hexes          | 5 |  5.0
Translocations | 5 |  5.0
Dodging        | 8 |  8.0
Conjurations   | 8 |  8.0
Throwing       | 6 |  6.0

Action                   |  1- 3 |  4- 6 |  7- 9 | 10-12 | 13-15 | 16-18 | 19-21 | 22-24 | 25-27 || total
-------------------------+-------+-------+-------+-------+-------+-------+-------+-------+-------++-------
Melee: Mace              |   121 |   187 |       |       |       |    90 |     5 |       |       ||   403
       Bite              |       |    17 |    36 |    56 |   136 |   223 |   173 |   165 |   910 ||  1716
       Flail             |       |    87 |    86 |    13 |       |       |       |       |       ||   186
       Morningstar       |       |       |   260 |    85 |       |       |       |    58 |   354 ||   757
       Dire flail        |       |       |       |   295 |   838 |  1014 |       |       |       ||  2147
       Eveningstar       |       |       |       |       |       |   328 |  1267 |   930 |  1601 ||  4126
       Demon whip        |       |       |       |       |       |       |       |       |  2566 ||  2566
 Fire: Hunting sling     |       |       |       |     4 |       |       |       |       |       ||     4
       Arbalest          |       |       |       |     3 |       |       |       |       |       ||     3
Throw: Stone             |    33 |    34 |     1 |       |       |       |       |       |       ||    68
       Dart              |       |    25 |    61 |   106 |    49 |   156 |     9 |     9 |     2 ||   417
       Boomerang         |       |       |       |       |     1 |     7 |       |       |       ||     8
 Cast: Animate Skeleton  |       |       |     2 |    47 |    15 |     5 |     6 |       |     2 ||    77
       Pain              |       |       |       |     2 |       |       |       |       |       ||     2
       Animate Dead      |       |       |       |       |    42 |    83 |    37 |    44 |    59 ||   265
       Vampiric Draining |       |       |       |       |     3 |       |     2 |     2 |     9 ||    16
       Borgnjor's Vile C |       |       |       |       |       |    85 |   150 |   179 |   205 ||   619
       Corpse Rot        |       |       |       |       |       |     4 |     2 |       |       ||     6
       Lee's Rapid Decon |       |       |       |       |       |       |       |   110 |   187 ||   297
       Death Channel     |       |       |       |       |       |       |       |       |    16 ||    16
       Blink             |       |       |       |       |       |       |       |       |     7 ||     7
       Leda's Liquefacti |       |       |       |       |       |       |       |       |     7 ||     7
       Dispel Undead     |       |       |       |       |       |       |       |       |     5 ||     5
       Passwall          |       |       |       |       |       |       |       |       |     4 ||     4
       Fulminant Prism   |       |       |       |       |       |       |       |       |     3 ||     3
Invok: Receive Corpses   |       |       |       |     3 |     3 |     3 |     4 |     9 |     4 ||    26
       Brand Weapon With |       |       |       |       |       |       |       |       |     1 ||     1
 Abil: Evoke Flight      |       |       |       |     1 |       |       |       |       |       ||     1
       Fly               |       |       |       |       |     1 |       |       |       |     3 ||     4
       Evoke Invisibilit |       |       |       |       |       |     4 |       |       |       ||     4
       Stop Flying       |       |       |       |       |       |       |       |     1 |     2 ||     3
Evoke: Wand              |       |       |       |    17 |    11 |    14 |    10 |    13 |    60 ||   125
       Box of beasts     |       |       |       |     1 |       |       |       |       |     1 ||     2
       Tin of tremorston |       |       |       |       |     1 |     8 |     5 |     4 |    22 ||    40
       Lightning rod     |       |       |       |       |     1 |     3 |       |     3 |    10 ||    17
       Phial of floods   |       |       |       |       |       |       |     1 |       |     1 ||     2
       Horn of Geryon    |       |       |       |       |       |       |       |       |     1 ||     1
  Use: Scroll            |       |     8 |     7 |    14 |    13 |     7 |     5 |     8 |    35 ||    97
       Potion            |       |     4 |       |     4 |     3 |     5 |     6 |     5 |    40 ||    67
 Stab: Sleeping          |     4 |     1 |     1 |     4 |     5 |     1 |       |       |    28 ||    44
       Paralysed         |       |       |       |     4 |     2 |     4 |       |       |       ||    10
       Distracted        |       |       |       |     2 |     7 |    17 |     6 |    13 |    35 ||    80
       Invisible         |       |       |       |       |       |     9 |       |       |       ||     9
  Eat: Chunk             |     4 |     8 |     8 |    14 |    23 |    34 |    44 |    42 |    43 ||   220
       Ration            |       |     1 |     1 |     3 |     5 |    11 |     7 |     9 |    29 ||    66
Armor: Robe              |    45 |    67 |       |    17 |       |       |       |       |       ||   129
       Chain mail        |       |   134 |   144 |       |       |   339 |   817 |   677 |  1304 ||  3415
       Ring mail         |       |       |    80 |   103 |   152 |       |       |       |       ||   335
       Skin              |       |       |       |       |     3 |       |       |       |       ||     3
       Fire dragon scale |       |       |       |       |   255 |   816 |       |       |       ||  1071
       Shadow dragon sca |       |       |       |       |       |       |       |       |   798 ||   798
       Quicksilver drago |       |       |       |       |       |       |       |       |   110 ||   110
Dodge: Dodged            |    93 |   173 |   129 |   164 |   267 |   642 |   315 |   232 |   881 ||  2896
Block: Other             |       |       |    62 |    51 |   150 |   269 |       |       |       ||   532
       Reflection        |       |       |       |     3 |     4 |    10 |    49 |    79 |   123 ||   268
       Tower shield      |       |       |       |     4 |       |       |       |       |   584 ||   588
       Buckler           |       |       |       |       |       |   115 |   493 |   621 |  1004 ||  2233
       Kite shield       |       |       |       |       |       |       |       |       |  1754 ||  1754

Table legend:
 A = Non-vault XP
 B = Vault XP
 C = Vault XP percentage of total XP
 D = Non-vault monster count
 E = Vault monster count
 F = Vault count percentage of total count
                 A         B        C        D         E       F
            +---------+---------+-------+---------+---------+-------
      Total | 1081401 | 1156274 |  51.7 |    2018 |    1122 |  35.7
            +---------+---------+-------+---------+---------+-------
        D:1 |      29 |       0 |   0.0 |      17 |       0 |   0.0
        D:2 |      62 |       9 |  12.7 |      18 |       5 |  21.7
        D:3 |      66 |     434 |  86.8 |      29 |       3 |   9.4
        D:4 |     437 |       4 |   0.9 |      22 |       1 |   4.3
        D:5 |     758 |       0 |   0.0 |      23 |       0 |   0.0
        D:6 |     463 |       0 |   0.0 |      17 |       0 |   0.0
        D:7 |     859 |       0 |   0.0 |      23 |       0 |   0.0
        D:8 |    2176 |    2194 |  50.2 |      25 |       7 |  21.9
        D:9 |     682 |    1267 |  65.0 |       6 |       4 |  40.0
       D:10 |     499 |       3 |   0.6 |       5 |       1 |  16.7
       D:11 |    2367 |    3951 |  62.5 |      25 |      12 |  32.4
       D:12 |    2693 |      41 |   1.5 |      18 |       1 |   5.3
       D:13 |   10871 |    5816 |  34.9 |      42 |       8 |  16.0
       D:14 |   11015 |    5484 |  33.2 |      46 |      13 |  22.0
       D:15 |   19859 |    5606 |  22.0 |      39 |      13 |  25.0
     Lair:1 |    3617 |       0 |   0.0 |      20 |       0 |   0.0
     Lair:2 |    7927 |     503 |   6.0 |      38 |       2 |   5.0
     Lair:3 |    6741 |    6758 |  50.1 |      20 |       9 |  31.0
     Lair:4 |    8145 |       0 |   0.0 |      26 |       0 |   0.0
     Lair:5 |    6961 |    1900 |  21.4 |      20 |       2 |   9.1
     Lair:6 |   13411 |   15390 |  53.4 |      46 |      39 |  45.9
    Swamp:1 |   12150 |       0 |   0.0 |      30 |       0 |   0.0
    Swamp:2 |   11433 |       0 |   0.0 |      28 |       0 |   0.0
    Swamp:3 |   16461 |    1362 |   7.6 |      33 |       3 |   8.3
    Swamp:4 |   19495 |   22728 |  53.8 |      47 |      38 |  44.7
   Spider:1 |   13688 |       0 |   0.0 |      53 |       0 |   0.0
   Spider:2 |   11169 |    1767 |  13.7 |      26 |       1 |   3.7
   Spider:3 |   17233 |   12194 |  41.4 |      51 |      30 |  37.0
   Spider:4 |   13288 |   18997 |  58.8 |      37 |      44 |  54.3
    Slime:1 |    7801 |       0 |   0.0 |      15 |       0 |   0.0
    Slime:2 |   24328 |       0 |   0.0 |      49 |       0 |   0.0
    Slime:3 |   14133 |       0 |   0.0 |      19 |       0 |   0.0
    Slime:4 |     502 |    2277 |  81.9 |       1 |       1 |  50.0
    Slime:5 |   14740 |   26041 |  63.9 |      26 |      11 |  29.7
      Orc:1 |    2503 |    1643 |  39.6 |      34 |       6 |  15.0
      Orc:2 |    2547 |   14738 |  85.3 |      23 |      36 |  61.0
      Elf:1 |    9039 |    9878 |  52.2 |      17 |      16 |  48.5
      Elf:2 |   17092 |   21036 |  55.2 |      24 |      27 |  52.9
      Elf:3 |   26445 |   53061 |  66.7 |      38 |      37 |  49.3
   Vaults:1 |   30992 |   21730 |  41.2 |      58 |      35 |  37.6
   Vaults:2 |   39255 |   26441 |  40.2 |      69 |      26 |  27.4
   Vaults:3 |   26422 |   35605 |  57.4 |      54 |      41 |  43.2
   Vaults:4 |   55167 |   73813 |  57.2 |      80 |      83 |  50.9
   Vaults:5 |   16630 |   74039 |  81.7 |      31 |      48 |  60.8
    Crypt:1 |   34860 |    6076 |  14.8 |      65 |       8 |  11.0
    Crypt:2 |   15931 |    6311 |  28.4 |      31 |       7 |  18.4
    Crypt:3 |       0 |   68957 | 100.0 |       0 |      92 | 100.0
     Tomb:1 |    6188 |   66000 |  91.4 |      22 |      57 |  72.2
   Depths:1 |   26162 |    6318 |  19.5 |      29 |       8 |  21.6
   Depths:2 |   29710 |   35454 |  54.4 |      41 |      61 |  59.8
   Depths:3 |   58702 |   44097 |  42.9 |      70 |      40 |  36.4
   Depths:4 |   46659 |   35305 |  43.1 |      56 |      23 |  29.1
   Depths:5 |   46677 |   20756 |  30.8 |      37 |      16 |  30.2
       Hell |   12531 |   16636 |  57.0 |      16 |      24 |  60.0
      Tar:1 |   12892 |       0 |   0.0 |      13 |       0 |   0.0
      Zot:1 |   47200 |    2049 |   4.2 |      30 |       2 |   6.2
      Zot:2 |   63254 |   58248 |  47.9 |      40 |      18 |  31.0
      Zot:3 |   39348 |    4769 |  10.8 |      23 |      11 |  32.4
      Zot:4 |   15117 |   45929 |  75.2 |       7 |      19 |  73.1
      Zot:5 |   45383 |  197638 |  81.3 |      26 |      45 |  63.4
    Abyss:1 |   47771 |    4098 |   7.9 |      68 |      12 |  15.0
    Abyss:2 |   13126 |       0 |   0.0 |      29 |       0 |   0.0
    Abyss:3 |   15693 |   12543 |  44.4 |      37 |      14 |  27.5
    Volcano |       0 |    4068 | 100.0 |       0 |      12 | 100.0
     WizLab |    2046 |   54312 |  96.4 |      10 |      50 |  83.3
            +---------+---------+-------+---------+---------+-------
